 Dungeon Crawl Stone Soup version 0.23.2-40-g277498a (webtiles) character file.

Game seed: 6622214515321135546

26 CrazyJ the Caller (level 2, -6/23 HPs)
             Began as a Draconian Summoner on Sept 15, 2019.
             Killed from afar by a white imp (11 damage)
             ... with a puff of frost
             ... summoned by the player character
             ... on level 2 of the Dungeon.
             The game lasted 00:04:56 (1421 turns).

CrazyJ the Caller (Draconian Summoner)              Turns: 1421, Time: 00:04:58

Health: -6/23      AC:  4    Str: 10    XL:     2   Next: 89%
Magic:  2/5        EV: 12    Int: 15    God:
Gold:   64         SH:  0    Dex: 11    Spells: 2/5 levels left

rFire    . . .     SeeInvis .   e - +1 dagger (drain)
rCold    . . .     Gourm    .   (no shield)
rNeg     . . .     Faith    .   (armour unavailable)
rPois    .         Spirit   .   (helmet restricted)
rElec    .         Reflect  .   (no cloak)
rCorr    .         Harm     .   (no gloves)
MR       .....                  (no boots)
Stlth    ++........             (no amulet)
HPRegen  0.07/turn              (no ring)
MPRegen  0.09/turn              (no ring)

@: lethally poisoned (-6 -> -13), lightly drained
A: unfitting armour, cold-blooded, AC +4
a: no special abilities


You were on level 2 of the Dungeon.
You were not hungry.

You visited 1 branch of the dungeon, and saw 2 of its levels.

You collected 64 gold pieces.

Inventory:

Hand Weapons
 d - a +0 dagger
 e - a +1 dagger of draining (weapon)
 i - a +0 short sword
 m - a +0 hand axe
 p - a +0 short sword
Missiles
 a - 70 stones (quivered)
 l - 13 poisoned needles
Scrolls
 g - a scroll of fog {unknown}
 j - a scroll of identify {unknown}
 k - a scroll of enchant armour {unknown}
 n - a scroll of enchant weapon {unknown}
Potions
 c - a potion of curing {unknown}
 h - a potion of agility {unknown}
 o - a potion of flight {unknown}
Comestibles
 b - 4 rations
 f - 2 chunks of flesh


   Skills:
 + Level 1.0(0.5) Fighting
 + Level 2.0(1.6) Dodging
 - Level 2.0(1.5) Stealth
 + Level 2.2(1.7) Spellcasting
 * Level 4.3(3.8) Summonings


You had 2 spell levels left.
You knew the following spells:

 Your Spells              Type           Power        Failure   Level  Hunger
a - Summon Small Mammal   Summ           ##..         4%          1    ##.....
b - Call Imp              Summ           ##......     7%          2    ###....

Your spell library contained the following spells:

 Spells                   Type           Power        Failure   Level  Hunger
 Call Canine Familiar     Summ           ##......     14%         3    ####...
 Summon Guardian Golem    Hex/Summ       #.......     30%         3    ####...
 Summon Ice Beast         Ice/Summ       #.......     71%         4    #####..
 Summon Lightning Spire   Summ/Air       #.......     71%         4    #####..


Dungeon Overview and Level Annotations

Branches:
Dungeon (2/15)

Altars:


Innate Abilities, Weirdness & Mutations

Your plain brown scales are hard. (AC +4)
You cannot fit into any form of body armour.
You are cold-blooded and may be slowed by cold attacks.


Message History

The bat barely misses you. The bat closely misses you.
Casting: Summon Small Mammal (safe; 4% risk of failure)
Confirm with . or Enter, or press ? or * to list all spells.
A beastly little devil appears in a puff of frigid air.
The bat hits you but does no damage. The adder barely misses you.
The bat closely misses you. The bat barely misses you. The adder bites you.
* * * LOW HITPOINT WARNING * * *
You are lethally poisoned!
The adder poisons you!
Your white imp gestures at the adder.
The puff of frost hits the adder.
Casting: Call Imp (safe; 7% risk of failure)
Confirm with . or Enter, or press ? or * to list all spells.
* * * LOW HITPOINT WARNING * * *
You feel sick. The bat closely misses you. x2
The adder closely misses your white imp.
Your white imp gestures at the adder.
The puff of frost misses the adder.
The puff of frost hits you!
You die...

.g. +........+
..g####........#
..............#
..............#
#####..........#
...............#
.#.#...5......#
###S.....<.#
#b@r##.#.###
##### .#.# .# #
##


You could see an adder, a bat, a friendly white imp and a friendly rat.

Vanquished Creatures
  A leopard gecko (D:1)
  2 giant cockroaches (D:1)
  A hobgoblin (D:1)
  3 jackals (D:1)
  2 kobolds
  3 bats (D:1)
  A frilled lizard (D:1)
  4 goblins (D:1)
  6 rats (D:1)
23 creatures vanquished.

Vanquished Creatures (collateral kills)
  2 kobolds (D:1)
2 creatures vanquished.

Grand Total: 25 creatures vanquished

Notes
Turn   | Place    | Note
-------+----------+-------------------------------------------
     0 | D:1      | CrazyJ the Draconian Summoner began the quest for the Orb.
     0 | D:1      | Reached XP level 1. HP: 14/14 MP: 3/3
   721 | D:1      | Reached XP level 2. HP: 21/22 MP: 5/5
  1365 | D:1      | Learned a level 2 spell: Call Imp
  1414 | D:2      | Reached skill level 1 in Fighting
  1421 | D:2      | Killed from afar by a white imp

Skill      XL: |  1  2 |
---------------+-------+-----
Stealth        | 2 |  2.0
Dodging        | 2 |  2.0
Fighting       | 1 |  1.0
Spellcasting   | |  2.2
Summonings     | |  4.3

Action                   || total
-------------------------++-------
Melee: Unarmed           ||    34
       Dagger            ||    63
       Tailslap          ||    11
 Cast: Summon Small Mamm ||     5
       Call Imp          ||     1
  Eat: Chunk             ||     2
Armor: Skin              ||    34
Dodge: Dodged            ||    96
